 Dungeon Crawl Stone Soup version 0.28-a0-895-g6e5f11bd55 (webtiles) character file.

Game seed: 15850807174744459521

4956 Anon1729 the Frost Mage (level 10, -8/63 HPs)
             Began as a Demonspawn Ice Elementalist on Nov 22, 2021.
             Was an Initiate of Cheibriados.
             Mangled by a two-headed ogre (19 damage)
             ... on level 9 of the Dungeon.
             The game lasted 00:22:55 (10741 turns).

Anon1729 the Frost Mage (DsIE)                     Turns: 10741, Time: 00:22:55

Health: -8/63      AC: 16    Str: 10    XL:     10   Next: 28%
Magic:  9/18       EV: 13    Int: 26    God:    Cheibriados [......]
Gold:   285        SH:  8    Dex: 12    Spells: 9/20 levels left

rFire   . . .      SeeInvis .   x - +2 dagger (drain)
rCold   . . .      Faith    .   (no shield)
rNeg    . . .      Spirit   .   v - +1 leather armour of Varghuuf {+Blink Will++ rCorr Dex-3}
rPois   .          Reflect  .   (no helmet)
rElec   .          Harm     .   (no cloak)
rCorr   +          Rampage  .   s - +0 pair of gloves
Will    ++...                   (no boots)
Stlth   +++.......              b - amulet of magic regeneration
HPRegen 0.20/turn               (no ring)
MPRegen 0.41/turn               p - +6 ring of intelligence

@: ice-armoured, freezing walls, very slow
A: large bone plates 1, icemail 1, condensation shield, demonic touch 1
a: Renounce Religion, Evoke Blink


You were on level 9 of the Dungeon.
You worshipped Cheibriados.
Cheibriados was noncommittal.
You visited 2 branches of the dungeon, and saw 10 of its levels.
You also visited: Ossuary.

You collected 411 gold pieces.
You spent 126 gold pieces at shops.

Inventory:

Hand Weapons
 x - a +2 dagger of draining (weapon)
 y - a +2 spear of flaming
Missiles
 z - 2 curare-tipped darts
Armour
 s - a +0 pair of gloves (worn)
 v - the +1 leather armour of Varghuuf (worn) {+Blink Will++ rCorr Dex-3}
   (You found it on level 6 of the Dungeon)

   Dex:       It affects your dexterity (-3).
   +Blink:    It lets you blink.
   rCorr:     It protects you from acid and corrosion.
   Will:      It greatly increases your willpower.
 w - a +0 robe of fire resistance
Jewellery
 b - an amulet of magic regeneration (around neck)
 i - a ring of resist corrosion
 p - a +6 ring of intelligence (right hand)
 C - a ring of ice
Wands
 m - a wand of paralysis (5)
 D - a wand of mindburst (10)
 F - a wand of flame (19)
Scrolls
 d - a scroll of enchant weapon
 g - a scroll of holy word
 j - a scroll of brand weapon
 k - a scroll of summoning
 l - 5 scrolls of amnesia
 o - a scroll of teleportation
 t - 4 scrolls of blinking
 E - 4 scrolls of immolation
 G - a scroll of enchant armour
 J - a scroll of magic mapping
Potions
 a - a potion of cancellation {unknown}
 c - a potion of heal wounds {unknown}
 e - 2 potions of ambrosia
 f - a potion of degeneration {unknown}
 h - 3 potions of magic {unknown}
 n - 3 potions of curing
 r - 3 potions of might {unknown}
 u - 3 potions of flight {unknown}
 A - a potion of berserk rage {unknown}
 B - 3 potions of mutation {unknown}
 I - a potion of lignification {unknown}


   Skills:
 + Level 5.7 Dodging
 + Level 6.3 Stealth
 + Level 3.7 Shields
 + Level 5.9 Spellcasting
 + Level 5.0 Conjurations
 * Level 8.8 Ice Magic


You had 9 spell levels left.
You knew the following spells:

 Your Spells              Type           Power      Damage    Failure   Level
a - Freeze                Ice            100%       1d11      1%          1
b - Frozen Ramparts       Ice            100%       1d12      1%          3
c - Ozocubu's Armour      Ice            52%        N/A       1%          3
d - Hailstorm             Conj/Ice       43%        3d10      5%          4

Your spell library contained the following spells:

 Spells                   Type           Power      Damage    Failure   Level
 Animate Skeleton         Necr           14%        N/A       10%         1
 Pain                     Necr           28%        1d5       10%         1
 Conjure Flame            Conj/Fire      20%        6-21      10%         3
 Ignite Poison            Fire/Tmut/Pois 7%         N/A       28%         3
 Vampiric Draining        Necr           7%         2d6       28%         3
 Sticky Flame             Conj/Fire      20%        2d4       32%         4


Dungeon Overview and Level Annotations

Branches:
Dungeon (9/15)             Temple (1/1) D:7            Lair (0/6) D:9
Ossuary (visited)
    Orc: D:9-12

Altars:
Cheibriados
Fedhas
Gozag
Hepliaklqana
Makhleb
Ru
Trog
Yredelemnul
Zin

Shops:
D:3 :(   D:4 (   D:6 ?


Innate Abilities, Weirdness & Mutations

You are partially covered in large bone plates. (SH +4)
A meltable icy envelope protects you from harm. (AC +4)
A meltable shield of frost defends you. (SH +4)
Your touch may inflict minor irresistible damage on your foes.


Message History

The centaur kicks you but does no damage.
You freeze the centaur.
The centaur is severely wounded.
The centaur hits you. You block the centaur's attack.
You freeze the centaur!
You kill the centaur!
Cheibriados thoroughly appreciates the change of pace.
Casting: Freeze (safe; 1% risk of failure)
Confirm with . or Enter, or press ? or * to list all spells.
A film of ice covers your body! The two-headed ogre misses you.
The two-headed ogre completely misses you.
Casting: Ozocubu's Armour (safe; 1% risk of failure)
Confirm with . or Enter, or press ? or * to list all spells.
Casting: Frozen Ramparts (safe; 1% risk of failure)
Press: ? - help, Dir - look around, f - activate The walls around you are covered in ice.
The wall freezes the two-headed ogre!
The two-headed ogre closely misses you. The two-headed ogre barely misses you.
You freeze the two-headed ogre.
The two-headed ogre is lightly wounded.
The wall freezes the two-headed ogre.
The two-headed ogre hits you with a +0 giant club!!
You block the two-headed ogre's attack.
You freeze the two-headed ogre.
The two-headed ogre is moderately wounded.
Aiming: Paralyse
Press: ? - help, Shift-Dir - straight line, f/p - two-headed ogre
Aim: a two-headed ogre, wielding a +0 giant club and a +0 giant spiked club (moderately wounded, chance to affect: 28%)
The two-headed ogre easily resists.
The wall freezes the two-headed ogre.
The two-headed ogre hits you with a +0 giant club!
* * * LOW HITPOINT WARNING * * *
The two-headed ogre hits you with a +0 giant spiked club!
* * * LOW HITPOINT WARNING * * *
Aiming: Mindburst
Press: ? - help, Shift-Dir - straight line, f/p - two-headed ogre
Aim: a two-headed ogre, wielding a +0 giant club and a +0 giant spiked club (moderately wounded, chance to affect: 48%)
The two-headed ogre resists with some effort.
The wall freezes the two-headed ogre!
The two-headed ogre misses you.
The two-headed ogre hits you with a +0 giant spiked club!!
You die...

#################
................# #
.##############.# ##..#
.# ######.##.....#
.#########......@O.....#
...........####.##.....#
..####### #.. ....#
..###### #... ....
.......# .###. ###
..####.# # #. ........
.. ..####.# .. ..#


You could see a two-headed ogre.

Vanquished Creatures
  Prince Ribbit (D:5)
  Grinder (D:4)
  A hornet (D:8)
  Sigmund (D:6)
  Eustachio (D:6)
  4 steam dragons
  2 water moccasins
  2 orc warriors
  A sky beast (D:6)
  3 black bears
  A necrophage (D:7)
  2 ogres (D:3)
  4 centaurs
  2 kobold brigands
  4 bullfrogs
  3 scorpions
  4 water moccasin zombies (Ossuary)
  A water moccasin skeleton (D:4)
  5 killer bees (D:8)
  2 howler monkeys
  A centaur skeleton (D:6)
  3 orc priests
  3 hounds
  2 jellies
  A bullfrog skeleton (D:5)
  5 gnoll shamans
  Ijyb (D:4)
  3 iguanas
  5 orc wizards
  A hound zombie (D:5)
  2 mummies (Ossuary)
  19 gnolls
  5 adders
  2 shadow imps
  2 white imps
  4 ufetubi
  2 adder zombies (Ossuary)
  4 worms
  3 dart slugs
  23 orcs
  6 bats
  4 endoplasms
  A giant cockroach (D:3)
  6 gnoll zombies (Ossuary)
  6 goblins
  10 hobgoblins
  6 jackals
  10 kobolds
  3 quokkas
  9 ball pythons
  2 frilled lizards
  8 hobgoblin zombies (Ossuary)
  5 kobold zombies (Ossuary)
  4 orc zombies (Ossuary)
  A quokka skeleton (D:4)
  4 rats
  2 rat zombies (D:8)
223 creatures vanquished.

Notes
Turn   | Place    | Note
-------+----------+-------------------------------------------
     0 | D:1      | Anon1729 the Demonspawn Ice Elementalist began the quest
                  | for the Orb.
     0 | D:1      | Reached XP level 1. HP: 13/13 MP: 3/3
    55 | D:1      | Found a faded altar of an unknown god.
   372 | D:1      | Gained mutation: A meltable shield of frost defends you.
                  | (SH +4) [demonic ancestry]
   372 | D:1      | Reached XP level 2. HP: 18/19 MP: 3/5
  1214 | D:2      | Reached XP level 3. HP: 24/24 MP: 4/6
  1506 | D:2      | Reached skill level 4 in Ice Magic
  2378 | D:3      | Noticed an ogre
  2413 | D:3      | Noticed a scorpion
  2416 | D:3      | Gained mutation: You are partially covered in large bone
                  | plates. (SH +4) [demonic ancestry]
  2416 | D:3      | Reached XP level 4. HP: 27/30 MP: 4/7
  2420 | D:3      | Killed a scorpion
  2573 | D:3      | Learned a level 3 spell: Frozen Ramparts
  2577 | D:3      | Learned a level 3 spell: Ozocubu's Armour
  2582 | D:3      | Reached XP level 5. HP: 35/35 MP: 6/9
  2605 | D:3      | Killed an ogre
  2960 | D:3      | Found Wintaz's Antique Weapon Emporium.
  3003 | D:3      | Noticed an ogre
  3011 | D:3      | Killed an ogre
  3012 | D:3      | Reached skill level 5 in Ice Magic
  3012 | D:3      | Gained mutation: A meltable icy envelope protects you from
                  | harm. (AC +4) [demonic ancestry]
  3012 | D:3      | Reached XP level 6. HP: 24/41 MP: 1/10
  3499 | D:3      | Found Rickidim's Book Shop.
  3789 | D:3      | Learned a level 4 spell: Hailstorm
  4468 | D:4      | Noticed Ijyb
  4499 | D:4      | Killed Ijyb
  4660 | D:4      | Found a sacrificial altar of Ru.
  4684 | D:4      | Noticed Grinder
  4823 | D:4      | Reached skill level 1 in Conjurations
  4823 | D:4      | Reached XP level 7. HP: 44/46 MP: 8/12
  4880 | D:4      | Found Qoiqerr's Antique Weapon Emporium.
  5463 | D:4      | Paralysed by Grinder for 5 turns
  5478 | D:4      | Killed Grinder
  5511 | D:5      | Entered Level 5 of the Dungeon
  5574 | D:5      | Reached skill level 6 in Ice Magic
  5724 | D:5      | Reached XP level 8. HP: 44/52 MP: 11/14
  5810 | D:5      | Noticed Prince Ribbit
  5842 | D:5      | Killed Prince Ribbit
  6165 | D:6      | Found Papsirua's Magic Scroll Shoppe.
  6173 | D:6      | Bought a scroll of blinking for 82 gold pieces
  6173 | D:6      | Bought a scroll of identify for 22 gold pieces
  6173 | D:6      | Bought a scroll of identify for 22 gold pieces
  6321 | D:6      | Identified the +1 leather armour of Varghuuf {+Blink Will++
                  | rCorr Dex-3}
  6348 | D:6      | Noticed Eustachio
  6625 | D:6      | Reached skill level 1 in Shields
  6657 | D:6      | Reached skill level 7 in Ice Magic
  6773 | D:6      | Reached skill level 5 in Stealth
  6800 | D:6      | Noticed Sigmund
  6814 | D:6      | Killed Sigmund
  6957 | D:6      | Reached XP level 9. HP: 57/57 MP: 11/16
  7287 | D:6      | Killed Eustachio
  7288 | D:6      | Reached skill level 5 in Spellcasting
  7749 | D:7      | Reached skill level 5 in Dodging
  8205 | D:7      | Reached skill level 8 in Ice Magic
  8412 | D:7      | HP: 2/57 [orc priest/divine providence (14)]
  8664 | D:7      | Found a staircase to the Ecumenical Temple.
  9354 | D:8      | Gained mutation: Your touch may inflict minor irresistible
                  | damage on your foes. [demonic ancestry]
  9354 | D:8      | Reached XP level 10. HP: 54/63 MP: 10/18
  9366 | D:8      | Paralysed by a hornet for 2 turns
  9525 | D:8      | Found a sand-covered staircase.
  9533 | Ossuary  | Entered an ossuary
 10092 | Ossuary  | Identified the +1 mace of the Modern Brambles {drain,
                  | Dex+2}
 10409 | D:9      | Reached skill level 5 in Conjurations
 10453 | Temple   | Entered the Ecumenical Temple
 10465 | Temple   | Became a worshipper of Cheibriados the Contemplative
 10529 | D:9      | Found a staircase to the Lair.
 10731 | D:9      | Noticed a two-headed ogre
 10741 | D:9      | Mangled by a two-headed ogre

Illustrated notes

Levels and vault maps discovered:
D:1:      amcnicky_arrival_wind_blow, layout_loops_corners,
          basic_ecumenical_altar
D:2:      layout_basic, minmay_misc_feat_nine_boxes
D:3:      layout_loops_ring, serial_shops, nicolae_shop_waterfront, shop
D:4:      layout_cave_pods, nicolae_ru_sacrificial_ziggurat, serial_shops,
          kennysheep_mini_moat, minmay_misc_feat_tower, uniq_ijyb, uniq_grinder
D:5:      layout_rooms, minmay_misc_feat_doors, uniq_prince_ribbit1
D:6:      layout_loops_cross, serial_shops, nicolae_square_shop, uniq_eustachio,
          uniq_sigmund
D:7:      layout_gridville, minmay_temple_entry_proselytizer,
          kennysheep_diamond, lightli_orcish_oven
D:8:      layout_cave_pools, enter_ossuary_4
D:9:      layout_loops_ring, mainiacjoe_overflow_two_lobes,
          nicolae_overflow_hidden_temple, amcnicky_altar_gilded,
          grunt_lair_entry_orc_guard_hut
Temple:   eino_temple_rhombus

Skill      XL: |  1  2  3  4  5  6  7  8  9 10 |
---------------+-------------------------------+-----
Stealth        | 2 3 4 5 6 |  6.3
Dodging        | 2 3 4 5 |  5.7
Ice Magic      | 4 5 6 7 8 |  8.8
Spellcasting   | 3 4 5 |  5.9
Conjurations   | 1 2 3 4 5 |  5.0
Shields        | 1 3 |  3.7

Action                   |  1- 3 |  4- 6 |  7- 9 | 10-12 || total
-------------------------+-------+-------+-------+-------++-------
Melee: Unarmed           |     9 |    62 |       |       ||    71
       Dagger            |       |     2 |   248 |   158 ||   408
       Touch             |       |       |       |    32 ||    32
 Cast: Freeze            |    71 |    92 |   131 |    34 ||   328
       Ozocubu's Armour  |       |     6 |    15 |     7 ||    28
       Frozen Ramparts   |       |     5 |    29 |     9 ||    43
       Hailstorm         |       |       |     3 |       ||     3
Evoke: Wand              |       |       |     2 |     3 ||     5
  Use: Scroll            |       |       |     7 |     3 ||    10
       Potion            |       |       |     1 |       ||     1
 Stab: Paralysed         |       |       |     4 |     1 ||     5
       Sleeping          |       |       |     2 |     3 ||     5
Armor: Robe              |     9 |    42 |    54 |       ||   105
       Leather armour    |       |       |    88 |    54 ||   142
Dodge: Dodged            |    30 |    76 |   209 |    71 ||   386
Block: Other             |     5 |    57 |   144 |    64 ||   270

Table legend: (Time is in decaauts)
 A = Elapsed time spent in this place.
 B = Non-inter-level travel time spent in this place.
 C = Inter-level travel time spent in this place.
 D = Time resting spent in this place.
 E = Time spent auto-exploring this place.
 F = Levels seen in this place.
 G = Mean time per level.
                   A        B        C        D        E       F      G
               +--------+--------+--------+--------+--------+-----+--------+
         Total |  10792 |  10346 |    446 |   1103 |   7134 |  11 |  981.1 |
       Dungeon |  10204 |   9767 |    437 |    971 |   6907 |   9 | 1133.8 |
        Temple |     20 |     12 |      8 |      0 |      3 |   1 |   20.0 |
       Ossuary |    567 |    567 |      0 |    132 |    224 |   1 |  567.0 |
               +--------+--------+--------+--------+--------+-----+--------+

Top non-repeatable levels by time:
     D:2: 1788 daAuts
     D:7: 1657 daAuts
     D:4: 1409 daAuts
     D:1: 1209 daAuts
     D:6: 1128 daAuts
     D:3: 1109 daAuts
     D:5: 865 daAuts
     D:8: 766 daAuts
 Ossuary: 567 daAuts
     D:9: 270 daAuts
  Temple: 20 daAuts
